 Dungeon Crawl Stone Soup version 0.17.0-28-g6e173f8 (webtiles) character file.

100 homeworkjunkie the Sneak (level 4, -4/23 HPs)
             Began as a Spriggan Assassin on Nov 29, 2015.
             Was an Initiate of Okawaru.
             Slain by Nicoed's ghost (6 damage)
             ... on level 3 of the Dungeon.
             The game lasted 00:04:27 (1940 turns).

homeworkjunkie the Sneak (Spriggan Assassin)        Turns: 1940, Time: 00:04:27

Health: -4/23      AC:  3    Str:  7    XL:     4   Next: 46%
Magic:  5/5        EV: 13    Int: 12    God:    Okawaru [......]
Gold:   61         SH:  0    Dex: 18    Spells: 0 memorised, 3 levels left

rFire  . . .     SeeInvis +     a - +3 dagger
rCold  . . .     Clarity  .     c - +0 robe
rNeg   . . .     SustAt   .     (shield restricted)
rPois  .         Gourm    .     (helmet restricted)
rElec  .         Spirit   .     d - +0 cloak
rCorr  .         Warding  .     (gloves unavailable)
rMut   .         Stasis   .     (boots unavailable)
MR     .....                    (no amulet)
Stlth  ++++......               (no ring)
                                (no ring)

@: very quick, not resistant to hostile enchantments, stealthy
A: unfitting armour, see invisible, herbivore 3, speed 3, slow metabolism 2
a: Renounce Religion


You were on level 3 of the Dungeon.
You worshipped Okawaru.
Okawaru was noncommittal.
You were not hungry.

You visited 1 branch of the dungeon, and saw 3 of its levels.

You collected 61 gold pieces.

Inventory:

Hand Weapons
 a - a +3 dagger (weapon)
 b - a +0 blowgun
 q - a +0 hunting sling
Missiles
 e - 25 poisoned needles
 f - 2 curare-tipped needles
 m - 7 sling bullets
Armour
 c - a +0 robe (worn)
 d - a +0 cloak (worn)
Jewellery
 n - an uncursed amulet of stasis {unknown}
Wands
 k - a wand of enslavement (10)
Scrolls
 i - a scroll of blinking
 l - a scroll of remove curse
 s - a scroll of enchant weapon {unknown}
Potions
 h - a potion of curing
 j - a potion of degeneration {unknown}
 o - a potion of heal wounds {unknown}
Books
 r - a book of Spatial Translocations

   Spells                             Type                      Level
   a - Apportation                    Translocation                1
   b - Blink                          Translocation                2
   c - Shroud of Golubria             Charms/Translocation         2
   d - Portal Projectile              Translocation                3
   e - Teleport Other                 Translocation                3
   f - Passage of Golubria            Translocation                4
Comestibles
 g - 2 bread rations
 p - a slice of pizza


   Skills:
 * Level 2.0 Fighting
 * Level 2.7 Short Blades
 * Level 2.2 Throwing
 * Level 2.8 Dodging
 * Level 7.7 Stealth


You had 3 spell levels left.
You didn't know any spells.

Dungeon Overview and Level Annotations

Branches:
Dungeon (3/15)

Altars:
Okawaru
Yredelemnul

Annotations:
D:3 Nicoed's ghost, weakling DrTm


Innate Abilities, Weirdness & Mutations

You are tiny and cannot use many weapons and most armour.
You have supernaturally acute eyesight.
You are a herbivore.
You cover ground extremely quickly.
You need consume almost no food.


Message History

Okay, then.
You barely miss Nicoed's ghost. You barely miss Nicoed's ghost.
Nicoed's ghost barely misses you.
You hit Nicoed's ghost but do no damage.
Nicoed's ghost hits you.
You hit Nicoed's ghost but do no damage.
Nicoed's ghost closely misses you.
You hit Nicoed's ghost but do no damage.
Nicoed's ghost hits you.
You hit Nicoed's ghost.
Nicoed's ghost is lightly damaged.
Nicoed's ghost hits you.
You closely miss Nicoed's ghost.
Nicoed's ghost is lightly damaged.
You hit Nicoed's ghost but do no damage.
Nicoed's ghost is lightly damaged.
Nicoed's ghost hits you!
* * * LOW HITPOINT WARNING * * *
Nicoed's ghost hits you.
You die...

#..................... .
#.W..# #......†.[..#
.###....###.†.).....#
...........#........#
.#$#...###.#........#..
.#.#..>..(..(.<.......#
.#....................!.#
.##....!.....(.####.....#
.##............#@# #.....
..............(#W# ....#
..............(#.# ....#
.................# #.
###...........#### #
#........... #
#......(.... #
#........... #
###########


You could see Nicoed's ghost.

Vanquished Creatures
  Crazy Yiuf (D:2)
  3 adders
  A worm (D:2)
  A giant cockroach (D:2)
  5 hobgoblins
  7 kobolds (D:1)
  2 ball pythons
  8 bats
  3 giant newts
  9 goblins
  3 rats (D:1)
43 creatures vanquished.

Notes
Turn   | Place    | Note
--------------------------------------------------------------
     0 | D:1      | homeworkjunkie the Spriggan Assassin began the quest for the Orb.
     0 | D:1      | Reached XP level 1. HP: 10/10 MP: 2/2
    77 | D:1      | Reached skill level 6 in Stealth
   131 | D:2      | Reached XP level 2. HP: 10/15 MP: 3/3
   237 | D:2      | Reached XP level 3. HP: 18/18 MP: 4/4
   324 | D:2      | Noticed Crazy Yiuf
   337 | D:2      | Killed Crazy Yiuf
   337 | D:2      | Reached skill level 7 in Stealth
   608 | D:3      | Reached XP level 4. HP: 20/23 MP: 5/5
   698 | D:3      | Noticed Nicoed's ghost (weakling DrTm)
   869 | D:2      | Found a basalt altar of Yredelemnul.
  1515 | D:2      | Found an iron altar of Okawaru.
  1529 | D:2      | Became a worshipper of Warmaster Okawaru
  1940 | D:3      | Slain by Nicoed's ghost

Action                   |  1- 3 |  4- 6 || total
-------------------------+-------+-------++-------
Melee: Dagger            |    42 |    57 ||    99
 Fire: Blowgun           |     4 |     1 ||     5
       Hunting sling     |       |    12 ||    12
  Use: Scroll            |     1 |     4 ||     5
       Potion            |       |     2 ||     2
 Stab: Sleeping          |     7 |    10 ||    17
       Distracted        |       |     2 ||     2
